 Dungeon Sprint DCSS version 0.23.1 (webtiles) character file.

Game seed: 15773285463930122082

11278 nuthulu the Imperceptible (level 11, -4/51 HPs)
             Began as a Spriggan Enchanter on Mar 12, 2019.
             Was the Champion of Dithmenos.
             Killed from afar by a blink frog (19 damage)
             ... with an exploding inner flame
             ... hexed by the player character
             ... in the Dungeon (Sprint III: "The Ten Rune Challenge").
             The game lasted 00:12:04 (2183 turns).

nuthulu the Imperceptible (Spriggan Enchanter)      Turns: 2183, Time: 00:12:05

Health: -4/51      AC: 10    Str:  4    XL:     11   Next: 47%
Magic:  5/19       EV: 33    Int: 17    God:    Dithmenos [******]
Gold:   1050       SH:  0    Dex: 20    Spells: 7/19 levels left

rFire    . . .     SeeInvis +   h - +2 dagger (drain)
rCold    . . .     Gourm    .   (shield restricted)
rNeg     . . .     Faith    .   q - +2 troll leather armour {Snorg}
rPois    .         Spirit   .   (helmet restricted)
rElec    .         Reflect  .   (no cloak)
rCorr    .         Harm     .   (gloves unavailable)
MR       +....     NoTele   +   (boots unavailable)
Stlth    ++++++++++             (no amulet)
HPRegen  0.57/turn              (no ring)
MPRegen  0.16/turn              (no ring)

@: very slightly contaminated, wreathed by umbra, very quick
A: very small, unfitting armour, molten scales 1, thin metallic scales 1, see
invisible, herbivore, speed 3, robust 1, slow metabolism 2
a: Shadow Step, Shadow Form, Renounce Religion


You were in the Dungeon.
You worshipped Dithmenos.
Dithmenos was exalted by your worship.
You were not hungry.

You visited 1 branch You collected 1050 gold pieces.

Inventory:

Hand Weapons
 a - a +1 dagger
 h - a +2 dagger of draining (weapon)
 r - a +0 blowgun
Missiles
 s - 7 curare-tipped needles
Armour
 b - a +0 robe
 q - a +2 troll leather armour (worn) {Snorg}
Wands
 f - a wand of flame (17)
Scrolls
 c - a scroll of immolation
 j - a scroll of blinking
 m - a scroll of holy word
Potions
 e - a potion of curing
 i - a potion of berserk rage
 l - 3 potions of flight
 n - a potion of agility
 o - 2 potions of mutation
 p - a potion of might
Comestibles
 d - 18 rations


   Skills:
 + Level 15.0 Short Blades
 + Level 18.9 Dodging
 * Level 26.7 Stealth
 - Level 4.9 Spellcasting
 - Level 5.4 Hexes


You had 7 spell levels left.
You knew the following spells:

 Your Spells              Type           Power        Failure   Level  Hunger
a - Corona                Hex            ###....      2%          1    None
b - Ensorcelled Hibernat  Hex/Ice        ##....       13%         2    #......
c - Confuse               Hex            ###.....     9%          3    ###....
d - Dazzling Spray        Conj/Hex       ##....       26%         3    ###....
e - Tukima's Dance        Hex            ###.....     9%          3    ###....

Your spell library contained the following spells:

 Spells                   Type           Power        Failure   Level  Hunger
 Confusing Touch          Hex            ###...       2%          1    None
 Slow                     Hex            ###.....     4%          2    #......
 Animate Skeleton         Necr           N/A          26%         1    None
 Apportation              Tloc           #.....       26%         1    None
 Magic Dart               Conj           #...         26%         1    None
 Summon Small Mammal      Summ           #...         26%         1    None
 Blink                    Tloc           N/A          36%         2    #......
 Call Imp                 Summ           #.......     36%         2    #......
 Conjure Flame            Conj/Fire      #.......     61%         3    ###....
 Mephitic Cloud           Conj/Pois/Air  #.......     61%         3    ###....


Dungeon Overview and Level Annotations

Branches:
Dungeon (1/1)

Altars:
Cheibriados
Dithmenos
Elyvilon
Fedhas
Gozag
Hepliaklqana
Kikubaaqudgha
Makhleb
Nemelex Xobeh
Okawaru
Qazlal
Ru
Sif Muna
Trog
Uskayaw
Vehumet
Wu Jian
Xom
Yredelemnul
Zin
The Shining One
Beogh
Jiyva
Lugonu

Shops:
D (


Innate Abilities, Weirdness & Mutations

You are very small and have problems with some larger weapons.
You are too small for most types of armour.
You have supernaturally acute eyesight. (SInv)
You are a herbivore.
You cover ground extremely quickly.
You need to consume almost no food.
You are partially covered in molten scales. (AC +2)
You are partially covered in thin metallic scales. (AC +2)
You are robust. (+10% HP)


Message History

The blink frog is almost dead.
Your shadow barely misses the blink frog.
The blink frog completely misses you. x3
You hit the blink frog.
The blink frog explodes!
The fiery explosion engulfs the blink frog!
The blink frog is moderately wounded.
The fiery explosion engulfs the blink frog!!
The blink frog is almost dead.
The fiery explosion engulfs you! Dithmenos accepts your kill.
You hear a splash. x4
You are engulfed in blazing flames.
* * * LOW HITPOINT WARNING * * *
The blink frog is engulfed in blazing flames.
The blink frog explodes!
The fiery explosion engulfs the blink frog!!
The blink frog explodes!
The fiery explosion engulfs you!!
You die...

####.##..###[....⌠...)).).#.#.##†
##..##..####...#...######'#.##..#
....##..###....#.⌠.#__#)..#'#####
#..##...##.....#...#__#.†.#).≈≈§§
..##...†#......#'###__#...#)#≈§≈#
.###..##.#.....#.))#__#)†)'.#.§§#
. #.. ####....#___#__'..[#)#§§§#
▓ ▓▓▓▓▓▓▓▓▓▓▓▓▓▓▓▓▓▓▓▓▓▓▓▓▓▓▓▓▓▓▓
+≈≈§§≈≈≈≈.♣♣§§@§.♣♣♣♣≈≈≈.......
#≈≈§§§≈≈≈≈♣♣§§§§≈'♣♣'♣≈≈≈≈≈≈≈≈≈
#≈≈§§§≈≈≈F≈'§§§§.#.≈♣♣♣♣♣♣♣♣♣♣♣
#≈≈§§≈≈%%§♣♣♣♣♣♣♣#..♣♣
#≈≈≈§≈§.≈≈♣ ###+♣ ####+###### ♣†#
.## .# ♣.


You could see a blink frog (inner flame).

Vanquished Creatures
  Frances (D)
  Donald (D)
  Snorg (D)
  A centaur warrior (D)
  An orc high priest (D)
  An unseen horror (D)
  An orc knight (D)
  A deep elf mage (D)
  2 spiny frogs (D)
  A rime drake (D)
  A komodo dragon (D)
  A queen bee (D)
  2 blink frogs (D)
  A tyrant leech (D)
  3 wandering mushrooms (D)
  A redback (D)
  A shadow (D)
  A spatial vortex (D)
  A swamp drake (D)
  An orc warrior (D)
  A necrophage (D)
  2 centaurs (D)
  An earth elemental (D)
  A water elemental (D)
  29 killer bees (D)
  A jelly (D)
  A wizard (D)
  2 orc wizards (D)
  A necromancer (D)
  3 humans (D)
  A kobold demonologist (D)
  An ooze (D)
  A phantom (D)
  12 orcs (D)
  A bat (D)
  3 rats (D)
85 creatures vanquished.

Vanquished Creatures (others)
  2 draconian scorchers (D)
  6 hellions (D)
  2 yaktaurs (D)
  An orc high priest (D)
  A dancing weapon (D)
  3 killer bees (D)
  An orc priest (D)
  10 plants (D)
26 creatures vanquished.

Grand Total: 111 creatures vanquished

Notes
Turn   | Place    | Note
-------+----------+-------------------------------------------
     0 | D        | nuthulu the Spriggan Enchanter began the quest for the Orb.
     0 | D        | Reached XP level 1. HP: 9/9 MP: 5/5
    11 | D        | Reached skill level 5 in Stealth
    92 | D        | Reached XP level 2. HP: 13/13 MP: 7/7
    96 | D        | Learned a level 2 spell: Ensorcelled Hibernation
   100 | D        | Killed a hellion
   102 | D        | Killed a hellion
   105 | D        | Reached skill level 7 in Stealth
   105 | D        | Reached XP level 3. HP: 16/16 MP: 5/9
   114 | D        | Killed a hellion
   128 | D        | Learned a level 3 spell: Confuse
   130 | D        | Killed a hellion
   132 | D        | Learned a level 3 spell: Dazzling Spray
   132 | D        | Killed a hellion
   137 | D        | Killed a hellion
   155 | D        | Killed a white draconian scorcher
   158 | D        | Gained mutation: You are somewhat resistant to further
                  | mutation. [potion of mutation]
   163 | D        | Lost mutation: You are somewhat resistant to further
                  | mutation. [potion of mutation]
   163 | D        | Gained mutation: You are partially covered in molten
                  | scales. (AC +2) [potion of mutation]
   163 | D        | Gained mutation: You are partially covered in thin metallic
                  | scales. (AC +2) [potion of mutation]
   163 | D        | Gained mutation: You are robust. (+10% HP) [potion of
                  | mutation]
   184 | D        | Noticed a water elemental
   187 | D        | Killed a water elemental
   187 | D        | Reached skill level 5 in Dodging
   187 | D        | Reached skill level 8 in Stealth
   187 | D        | Reached skill level 5 in Hexes
   187 | D        | Reached XP level 4. HP: 23/23 MP: 9/11
   192 | D        | Learned a level 3 spell: Tukima's Dance
   205 | D        | Killed a white draconian scorcher
   213 | D        | Found a radiant altar of Vehumet.
   214 | D        | Found a deep blue altar of Sif Muna.
   214 | D        | Found an ancient bone altar of Kikubaaqudgha.
   214 | D        | Noticed a wizard
   215 | D        | Killed a wizard
   215 | D        | Reached skill level 9 in Stealth
   217 | D        | Reached skill level 10 in Stealth
   235 | D        | Noticed a shadow
   248 | D        | Killed a yaktaur
   254 | D        | Killed a shadow
   254 | D        | Reached skill level 13 in Stealth
   254 | D        | Reached XP level 5. HP: 26/26 MP: 3/13
   254 | D        | Reached XP level 6. HP: 30/30 MP: 3/14
   444 | D        | Found a blossoming altar of Fedhas.
   444 | D        | Found a stormy altar of Qazlal.
   445 | D        | Found a snail-covered altar of Cheibriados.
   445 | D        | Found a burning altar of Makhleb.
   445 | D        | Found a hazy altar of Hepliaklqana.
   445 | D        | Found a shimmering altar of Xom.
   445 | D        | Found an opulent altar of Gozag.
   445 | D        | Found a sparkling altar of Nemelex Xobeh.
   445 | D        | Found a corrupted altar of Lugonu.
   445 | D        | Found a viscous altar of Jiyva.
   445 | D        | Noticed a spatial vortex
   448 | D        | Killed a spatial vortex
   448 | D        | Reached skill level 10 in Dodging
   448 | D        | Reached skill level 14 in Stealth
   458 | D        | Found a basalt altar of Yredelemnul.
   458 | D        | Found a shadowy altar of Dithmenos.
   458 | D        | Found a sacrificial altar of Ru.
   460 | D        | Reached skill level 15 in Stealth
   461 | D        | Reached XP level 7. HP: 35/35 MP: 15/15
   466 | D        | Became a worshipper of Dithmenos the Shadowed
   474 | D        | Found a glowing silver altar of Zin.
   474 | D        | Found a glowing golden altar of the Shining One.
   474 | D        | Found a white marble altar of Elyvilon.
   474 | D        | Noticed a deep elf mage
   477 | D        | Killed a deep elf mage
   477 | D        | Reached skill level 17 in Stealth
   483 | D        | Found a hide-covered altar of Uskayaw.
   483 | D        | Found a roughly hewn altar of Beogh.
   483 | D        | Found an iron altar of Okawaru.
   483 | D        | Found a bloodstained altar of Trog.
   483 | D        | Found an ornate altar of the Wu Jian Council.
   483 | D        | Noticed a human
   483 | D        | Noticed a human
   486 | D        | Killed a human
   486 | D        | Reached XP level 8. HP: 39/39 MP: 16/16
   487 | D        | Reached * piety under Dithmenos
   487 | D        | Reached skill level 18 in Stealth
   507 | D        | Noticed Snorg
   509 | D        | Killed Snorg
   509 | D        | Reached skill level 10 in Short Blades
   509 | D        | Reached skill level 19 in Stealth
   528 | D        | Reached XP level 9. HP: 42/42 MP: 17/17
   533 | D        | Noticed a centaur warrior
   535 | D        | Reached ** piety under Dithmenos
   535 | D        | Reached skill level 20 in Stealth
   537 | D        | Killed a centaur warrior
   537 | D        | Reached skill level 21 in Stealth
   550 | D        | Noticed an unseen horror
   552 | D        | Killed an unseen horror
   552 | D        | Reached skill level 15 in Dodging
   563 | D        | Noticed Donald
   563 | D        | Noticed Frances
   567 | D        | Killed Donald
   567 | D        | Reached *** piety under Dithmenos
   567 | D        | Reached skill level 23 in Stealth
   567 | D        | Reached XP level 10. HP: 48/48 MP: 18/18
   569 | D        | Killed Frances
   569 | D        | Reached skill level 24 in Stealth
   659 | D        | Reached **** piety under Dithmenos
   725 | D        | Noticed an orc knight
   726 | D        | Noticed an orc high priest
   741 | D        | Killed an orc high priest
   746 | D        | Reached ***** piety under Dithmenos
   881 | D        | Killed an orc knight
   881 | D        | Reached skill level 25 in Stealth
  1012 | D        | Reached XP level 11. HP: 51/51 MP: 3/19
  1029 | D        | Reached ****** piety under Dithmenos
  1456 | D        | Found Yfoif's Weapon Shop.
  2085 | D        | Reached skill level 26 in Stealth
  2140 | D        | Reached skill level 15 in Short Blades
  2183 | D        | Killed from afar by a blink frog

Skill      XL: |  1  2  3  4  5  6  7  8  9 10 11 |
---------------+----------------------------------+-----
Stealth        | 5 7 8 13 15 17 19 23 25 26 | 26.7
Spellcasting   | 3 4 |  4.9
Hexes          | 4 5 |  5.4
Short Blades   | 2 3 6 7 9 10 12 14 15 | 15.0
Dodging        | 4 5 8 10 12 13 16 17 18 | 18.9

Action                   |  1- 3 |  4- 6 |  7- 9 | 10-12 || total
-------------------------+-------+-------+-------+-------++-------
Melee: Dagger            |    13 |    18 |    10 |   209 ||   250
 Cast: Ensorcelled Hiber |     1 |       |       |    61 ||    62
       Corona            |     1 |       |       |     1 ||     2
       Dazzling Spray    |       |     5 |       |       ||     5
       Confuse           |       |       |       |    17 ||    17
       Tukima's Dance    |       |       |       |     3 ||     3
  Use: Potion            |     3 |     3 |       |     3 ||     9
       Scroll            |     4 |       |       |     2 ||     6
 Stab: Sleeping          |     6 |     5 |    10 |    40 ||    61
       Distracted        |       |     1 |       |     4 ||     5
       Confused          |       |       |       |     6 ||     6
  Eat: Ration            |       |       |       |     2 ||     2
Armor: Troll leather arm |       |       |       |    13 ||    13
Dodge: Dodged            |     6 |    10 |       |   329 ||   345
